 Dungeon Crawl Stone Soup version 0.29-a0-294-g83ea962da3 (webtiles) character file.

Game seed: 4465799261312081846

46 kae the Firebug (level 3, -1/19 HPs)
             Began as a Tengu Fire Elementalist on Mar 18, 2022.
             Killed by nerve-wracking pain
             ... invoked by Jessica
              (12 damage)
             ... on level 2 of the Dungeon.
             The game lasted 00:01:07 (2055 turns).

kae the Firebug (Tengu Fire Elementalist)           Turns: 2055, Time: 00:01:08

Health: -1/19      AC:  3    Str:  8    XL:     3   Next: 68%
Magic:  7/7        EV: 12    Int: 17    God:
Gold:   25         SH:  0    Dex: 14    Spells: 1/7 levels left

rFire   . . .      SeeInvis .   (no weapon)
rCold   . . .      Faith    .   (no shield)
rNeg    . . .      Spirit   .   a - +0 robe
rPois   .          Reflect  .   (helmet restricted)
rElec   .          Harm     .   i - +0 cloak
rCorr   .          Rampage  .   (no gloves)
Will    .....                   (boots unavailable)
Stlth   +.........              (no amulet)
HPRegen 0.06/turn               (no ring)
MPRegen 0.10/turn               (no ring)

@: confused, mighty, brilliant, ambrosia-drunk
A: beak, talons 3
a: no special abilities


You were on level 2 of the Dungeon.
You visited 1 branch of the dungeon, and saw 2 of its levels.

You collected 25 gold pieces.

Inventory:

Armour
 a - a +0 robe (worn)
 i - a +0 cloak (worn)
Scrolls
 d - a scroll of blinking {unknown}
 e - 3 scrolls of amnesia {unknown}
 f - 2 scrolls of identify {unknown}
Potions
 b - a potion of magic


   Skills:
 - Level 2.1 Dodging
 - Level 2.0 Stealth
 + Level 2.6 Spellcasting
 + Level 2.9 Conjurations
 + Level 3.9 Fire Magic


You had one spell level left.
You knew the following spells:

 Your Spells              Type           Power      Damage    Failure   Level
a - Foxfire               Conj/Fire      80%        2x1d8     4%          1
b - Scorch                Fire           46%        2d7       5%          2
c - Conjure Flame         Conj/Fire      20%        6-21      13%         3

Your spell library contained the following spells:

 Spells                   Type           Power      Damage    Failure   Level
 Inner Flame              Hex/Fire       13%        N/A       24%         3
 Flame Wave               Conj/Fire      20%        2d7       41%         4


Dungeon Overview and Level Annotations

Branches:
Dungeon (2/15)

Altars:

Annotations:
D:2 Jessica, Terence


Innate Abilities, Weirdness & Mutations

You have a beak for a mouth.
You have claws for feet.


Message History

Confirm with . or Enter, or press ? or * to list all spells.
You conjure some foxfire!
A goblin comes into view. It is wielding a +0 dagger.
The foxfire hits the dart slug.
The dart slug is lightly wounded.
The foxfire hits the dart slug.
The dart slug is severely wounded.
The dart slug barely misses you. The jackal closely misses you.
Jessica mumbles some strange words.
Jessica seems to speed up.
It was a potion of might.
You feel very mighty all of a sudden. The jackal barely misses you.
Jessica casts a spell.
Jessica blinks!
The dart slug bites you but does no damage.
It was a potion of brilliance.
You feel clever all of a sudden.
The jackal bites you but does no damage.
The jackal misses you.
Jessica gestures wildly while chanting.
Jessica blinks!
The dart slug closely misses you.
The jackal bites you but does no damage.
The jackal barely misses you.
It was a potion of ambrosia.
You are confused.
You feel invigorated. The jackal barely misses you. The jackal misses you.
You punch the dart slug!
You kill the dart slug!
Jessica hits you with a +1 dagger of electrocution.
The jackal barely misses you. x2
Jessica hits you with a +1 dagger of electrocution.
Jessica gestures wildly while chanting.
Jessica blinks!
The jackal bites you.
The jackal bites you but does no damage.
You see here a dart slug corpse.
Jessica gestures at you while chanting. Pain shoots through your body!
Ouch! That really hurt!
You die...

#.... ..#
#..#.##..#
#..#.....#
#........#
#........##
#....g...@#
#...hh....#
#....†....#
##..@....##
##.....##
##...##
##....
#..##. #..#
.. #... .
#.##


You could see Jessica (fast), 2 jackals and a goblin.

Vanquished Creatures
  An adder (D:2)
  2 dart slugs (D:2)
  5 bats
  5 endoplasms
  A giant cockroach (D:1)
  2 goblins (D:1)
  2 hobgoblins (D:1)
  2 quokkas (D:1)
  6 ball pythons (D:1)
  A frilled lizard (D:2)
  3 kobolds
  4 rats (D:1)
34 creatures vanquished.

Vanquished Creatures (others)
  132 foxfires
132 creatures vanquished.

Grand Total: 166 creatures vanquished

Notes
Turn   | Place    | Note
-------+----------+-------------------------------------------
     0 | D:1      | kae the Tengu Fire Elementalist began the quest for the
                  | Orb.
     0 | D:1      | Reached XP level 1. HP: 10/10 MP: 4/4
   478 | D:1      | Reached XP level 2. HP: 15/15 MP: 4/6
  1207 | D:1      | Reached XP level 3. HP: 19/19 MP: 3/7
  1931 | D:2      | Learned a level 2 spell: Scorch
  1935 | D:2      | Learned a level 3 spell: Conjure Flame
  2033 | D:2      | Noticed Terence
  2047 | D:2      | Noticed Jessica
  2055 | D:2      | Killed from afar by Jessica

Illustrated notes

Levels and vault maps discovered:
D:1:      psy_arrival_terrarium, layout_loops_corners
D:2:      layout_loops_cross, uniq_terence, uniq_jessica

Skill      XL: |  1 |
---------------+----+-----
Conjurations   | 2 |  2.9
Dodging        | |  2.1
Stealth        | |  2.0
Spellcasting   | |  2.6
Fire Magic     | |  3.9

Action                   || total
-------------------------++-------
Melee: Unarmed           ||     2
       Kick              ||     1
 Cast: Foxfire           ||    81
  Use: Potion            ||     3
       Scroll            ||     2
Armor: Robe              ||    12
Dodge: Dodged            ||    38

Table legend: (Time is in decaauts)
 A = Elapsed time spent in this place.
 B = Non-inter-level travel time spent in this place.
 C = Inter-level travel time spent in this place.
 D = Time resting spent in this place.
 E = Time spent auto-exploring this place.
 F = Levels seen in this place.
 G = Mean time per level.
                   A        B        C        D        E       F      G
               +--------+--------+--------+--------+--------+-----+--------+
         Total |   2054 |   2020 |     34 |    364 |   1385 |   2 | 1027.0 |
       Dungeon |   2054 |   2020 |     34 |    364 |   1385 |   2 | 1027.0 |
               +--------+--------+--------+--------+--------+-----+--------+

Top non-repeatable levels by time:
     D:1: 1431 daAuts
     D:2: 623 daAuts
